 Dungeon Crawl Stone Soup version 0.21.1-1-g345015f (webtiles) character file.

252 prawnwizard the Firebug (level 5, -10/38 HPs)
             Began as a Draconian Fire Elementalist on July 2, 2018.
             Mangled by an orc
             ... wielding a +0 morningstar
              (11 damage)
             ... on level 4 of the Dungeon.
             The game lasted 00:04:49 (3037 turns).

prawnwizard the Firebug (DrFE)                      Turns: 3037, Time: 00:04:50

Health: -10/38     AC:  6    Str: 10    XL:     5   Next: 89%
Magic:  0/9        EV: 13    Int: 16    God:
Gold:   159        SH:  0    Dex: 12    Spells: 3/10 levels left

rFire    . . .     SeeInvis .   g - +2 dagger (distort)
rCold    . . .     Gourm    .   (no shield)
rNeg     . . .     Faith    .   (armour unavailable)
rPois    .         Spirit   .   (helmet restricted)
rElec    .         Reflect  .   (no cloak)
rCorr    .         Harm     .   (no gloves)
MR       .....                  k - +0 pair of boots
Stlth    ++........             (no amulet)
HPRegen  0.12/turn              (no ring)
MPRegen  0.11/turn              (no ring)

@: no status effects
A: unfitting armour, cold-blooded, AC +5
a: no special abilities


You were on level 4 of the Dungeon.
You were not hungry.

You visited 1 branch of the dungeon, and saw 4 of its levels.

You collected 159 gold pieces.

Inventory:

Hand Weapons
 g - a +2 dagger of distortion (weapon)
Armour
 k - a +0 pair of boots (worn)
Scrolls
 c - 2 scrolls of enchant armour {unknown}
 d - 5 scrolls of remove curse {unknown}
 e - 4 scrolls of identify {unknown}
 h - a scroll of magic mapping {unknown}
 i - a scroll of fog {unknown}
 m - a scroll of amnesia {unknown}
 o - a scroll of teleportation {unknown}
 q - a scroll of immolation {unknown}
 r - a scroll of enchant weapon {unknown}
Potions
 f - 3 potions of might {unknown}
 j - 2 potions of haste {unknown}
 l - a potion of curing {unknown}
 n - 2 potions of degeneration {unknown}
Books
 a - a book of Flames

   Spells                             Type                      Level
   a - Flame Tongue                   Conjuration/Fire             1
   b - Throw Flame                    Conjuration/Fire             2
   c - Conjure Flame                  Conjuration/Fire             3
   d - Inner Flame                    Hexes/Fire                   3
   e - Sticky Flame                   Conjuration/Fire             4
   f - Fireball                       Conjuration/Fire             5
Comestibles
 b - 7 rations


   Skills:
 + Level 3.0 Dodging
 - Level 1.7 Stealth
 + Level 3.0 Spellcasting
 + Level 2.7 Conjurations
 * Level 4.7 Fire Magic


You had 3 spell levels left.
You knew the following spells:

 Your Spells              Type           Power        Failure   Level  Hunger
a - Flame Tongue          Conj/Fire      ##...        4%          1    #......
b - Throw Flame           Conj/Fire      ##....       6%          2    ##.....
c - Sticky Flame          Conj/Fire      ##......     36%         4    #####..


Dungeon Overview and Level Annotations

Branches:
Dungeon (4/15)
 Temple: D:4-7

Altars:
Cheibriados
Elyvilon
Makhleb
Okawaru
Ru

Annotations:
Abyss:1 Natasha


Innate Abilities, Weirdness & Mutations

Your plain brown scales are hard. (AC +5)
You cannot fit into any form of body armour.
You are cold-blooded and may be slowed by cold attacks.


Message History

You closely miss something. The orc hits you with a morningstar!
* * * LOW HITPOINT WARNING * * *
Something hits you but does no damage.
Casting: Flame Tongue
Confirm with . or Enter, or press ? or * to list all spells.
You don't have enough magic to cast that spell.
Casting: Flame Tongue
Confirm with . or Enter, or press ? or * to list all spells.
Aiming: Flame Tongue
Press: ? - help, Shift-Dir - straight line, f - orc
Aim: an orc, wielding a morningstar and wearing a leather armour The flame tongue hits the orc.
The orc is heavily wounded.
The orc closely misses you. Something hits you but does no damage.
Unknown command.
You miss something. Something hits you but does no damage.
The orc closely misses you.
You hit something. Something hits you but does no damage.
You barely miss something. The orc hits you with a morningstar!
You die...

#.......##
######.##
##.###### ###
#.......# ..#
#..####.#
#.###..#....
#.##.........
#.##.##.....##..
#.){@o!........
####)##.#.#####
...##.#.#
#.####.... #.
###+## #


You could see an orc.

Vanquished Creatures
  2 orc priests (D:4)
  2 orc wizards (D:4)
  3 adders
  An ooze (D:2)
  A worm (D:2)
  3 dart slugs
  2 leopard geckos (D:2)
  10 orcs
  5 bats
  5 giant cockroaches
  8 goblins
  6 hobgoblins
  2 jackals (D:3)
  5 kobolds
  2 quokkas (D:3)
  3 frilled lizards
  4 rats
64 creatures vanquished.

Vanquished Creatures (others)
  An ooze (D:2)
  An orc (D:4)
  A kobold (D:2)
3 creatures vanquished.

Grand Total: 67 creatures vanquished

Notes
Turn   | Place    | Note
-------+----------+-------------------------------------------
     0 | D:1      | prawnwizard the Draconian Fire Elementalist began the quest for the Orb.
     0 | D:1      | Reached XP level 1. HP: 14/14 MP: 3/3
   648 | D:1      | Reached XP level 2. HP: 20/20 MP: 5/5
  1019 | D:2      | Found an iron altar of Okawaru.
  1084 | D:2      | Reached XP level 3. HP: 26/26 MP: 6/6
  1141 | D:2      | Found a sacrificial altar of Ru.
  1449 | D:3      | Reached XP level 4. HP: 22/33 MP: 7/7
  1548 | D:3      | Learned a level 2 spell: Throw Flame
  1553 | D:3      | Learned a level 4 spell: Sticky Flame
  1584 | D:3      | Found a snail-covered altar of Cheibriados.
  1767 | D:3      | Reached skill level 4 in Fire Magic
  1799 | D:3      | Found a white marble altar of Elyvilon.
  1984 | D:3      | Noticed Natasha
  1986 | D:3      | Found a burning altar of Makhleb.
  1989 | D:3      | Banished Natasha
  2981 | D:4      | Reached XP level 5. HP: 38/38 MP: 9/9
  3033 | D:4      | HP: 1/38 [orc/morningstar (9)]
  3037 | D:4      | Mangled by an orc

Skill      XL: |  1  2  3  4  5 |
---------------+----------------+-----
Dodging        | 2 3 |  3.0
Conjurations   | 2 |  2.7
Fire Magic     | 4 |  4.7
Spellcasting   | 3 |  3.0
Stealth        | |  1.7

Action                   |  1- 3 |  4- 6 || total
-------------------------+-------+-------++-------
Melee: Dagger            |    73 |    87 ||   160
       Unarmed           |     4 |       ||     4
       Tailslap          |     5 |     3 ||     8
 Cast: Flame Tongue      |     5 |    11 ||    16
 Stab: Sleeping          |     5 |     7 ||    12
       Distracted        |     1 |     2 ||     3
  Eat: Chunk             |     2 |     5 ||     7
Armor: Skin              |    20 |    19 ||    39
Dodge: Dodged            |    57 |    45 ||   102
